 Dungeon Crawl Stone Soup version 0.30-a0-937-ga0a21ad780 (webtiles) character file.

Game seed: 17227442454544198162

34 FexLirch the Digger (level 3, 0/26 HPs)
             Began as a Meteoran Earth Elementalist on Mar 24, 2023.
             Slain by a jackal (1 damage)
             ... on level 4 of the Dungeon.
             The game lasted 00:01:43 (104 turns).

FexLirch the Digger (Meteoran Earth Elementalist)    Turns: 104, Time: 00:01:43

Health: 0/26       AC:  2    Str:  9    XL:     3   Next: 73%
Magic:  0/8        EV: 12    Int: 19    God:
Gold:   0          SH:  0    Dex: 14    Spells: 5/8 levels left

rFire   . . .      SeeInvis .    e - +0 war axe
rCold   . . .      Faith    .    (no shield)
rNeg    . . .      Spirit   .    a - +0 robe
rPois   .          Reflect  .    (no helmet)
rElec   .          Rampage  .    (no cloak)
rCorr   .                        (no gloves)
Will    .....                    (no boots)
Stlth   +                        (no amulet)
HPRegen 0.24/turn                (no ring)
MPRegen 0.11/turn                (no ring)

@: glowing
A: sense surroundings 1, otherworldly, glowing, explore regen
a: no special abilities


You were on level 4 of the Dungeon.
You visited 1 branch of the dungeon, and saw 4 of its levels.

Inventory:

Hand Weapons
 e - a +0 war axe (weapon)
Armour
 a - a +0 robe (worn)
Scrolls
 d - a scroll of enchant weapon {unknown}
Potions
 b - a potion of magic
 c - a potion of invisibility {unknown}


   Skills:
 - Level 2.4 Dodging
 - Level 1.4 Stealth
 + Level 3.4 Spellcasting
 + Level 1.8 Conjurations
 - Level 1.2 Transmutations
 + Level 4.2 Earth Magic


You had 5 spell levels left.
You knew the following spells:

 Your Spells              Type           Power      Damage    Failure   Level
a - Sandblast             Erth           38%        2d10      2%          1
b - Passwall              Tmut/Erth      10%        N/A       7%          2

Your spell library contained the following spells:

 Spells                   Type           Power      Damage    Failure   Level
 Stone Arrow              Conj/Erth      28%        3d8       13%         3
 Petrify                  Tmut/Erth      13%        N/A       43%         4


Dungeon Overview and Level Annotations

Branches:
Dungeon (4/15) Zot: 2285
 Temple: D:4-7

Altars:


Innate Abilities, Weirdness & Mutations

You passively map a small area around you.
You are easily found by Zot.
You glow in the dark.
You regain HP and MP as you explore.


Message History

A kobold comes into view. It is wielding a +0 short sword.
The kobold moves out of view.
You can't see any susceptible monsters within range! (Use Z to cast anyway.)
A jackal comes into view.
The blast of sand hits the giant cockroach but does no damage.
The jackal barks!
You hear a shout! x2
A jackal comes into view.
The blast of sand hits the giant cockroach!
You kill the giant cockroach!
The jackal barks!
A gnoll comes into view. It is wielding a +0 flail.
A jackal comes into view.
The blast of sand hits the kobold!
You kill the kobold!
The blast of sand hits the jackal!
You kill the jackal!
The blast of sand hits the gnoll.
The gnoll is moderately wounded.
The blast of sand hits the jackal!
You kill the jackal!
The gnoll hits you with a +0 flail.
The blast of sand hits the gnoll!
The gnoll is almost dead.
The jackal bites you. x2; The gnoll misses you.
You closely miss the gnoll.
The gnoll is almost dead.
You hit the jackal. The jackal misses you. The jackal closely misses you.
The gnoll misses you. The jackal closely misses you.
The gnoll hits you with a +0 flail!
Ouch! That really hurt!
* * * LOW HITPOINT WARNING * * *
You hit the gnoll.
You kill the gnoll!
You hit the jackal but do no damage. The jackal bites you.
* * * LOW HITPOINT WARNING * * *
The jackal bites you but does no damage.
You barely miss the jackal.
The jackal is moderately wounded.
The jackal bites you.
You die...

##....####.##..
###......#......
#.....#..#....## ,
#.....#........###*
##.....##...........
,
#...)..........#,...
###.#....##.##.#....
###....##......... *
* *#..@)...<.......
* #...h............
,
#.................,
##...#............
######.#.........,
*..##........ *
#..#......... , * **
#.........#.# , ,, ,


You could see a jackal.

Vanquished Creatures
  An adder (D:4)
  A gnoll (D:4)
  An orc (D:3)
  A ball python (D:2)
  An endoplasm (D:2)
  A giant cockroach (D:4)
  2 jackals (D:4)
  2 kobolds (D:4)
  2 bats
  A goblin (D:2)
  A rat (D:2)
14 creatures vanquished.

Notes
Turn   | Place    | Note
-------+----------+-------------------------------------------
     0 | D:1      | FexLirch the Meteoran Earth Elementalist began the quest
                  | for the Orb.
     0 | D:1      | Reached XP level 1. HP: 14/14 MP: 5/5
    38 | D:2      | Reached XP level 2. HP: 20/20 MP: 1/6
    64 | D:2      | Learned a level 2 spell: Passwall
    70 | D:3      | Reached skill level 1 in Conjurations
    85 | D:4      | Reached skill level 4 in Earth Magic
    85 | D:4      | Reached XP level 3. HP: 22/26 MP: 5/8
   102 | D:4      | HP: 1/26 [gnoll/+0 flail (13)]
   104 | D:4      | Slain by a jackal

Illustrated notes

Levels and vault maps discovered:
D:1:      dpeg_arrival_refuge, layout_basic, ebering_dispersal_statue_hall,
          dk_noncrumbling_2
D:2:      layout_basic, hellmonk_ecumenical_altar_arch_garden, serial_shops,
          nicolae_shop_hallway_stairs, minmay_shallow_snake_nest
D:3:      layout_basic, mainiacjoe_overflow_catwalk_spiral, st_stairs_7,
          kennysheep_donut, uniq_jessica
D:4:      layout_cave_pools, gammafunk_ghost_grave

Skill      XL: |  1  2 |
---------------+-------+-----
Spellcasting   | 3 |  3.4
Conjurations   | 1 |  1.8
Earth Magic    | 4 |  4.2
Dodging        | |  2.4
Stealth        | |  1.4
Transmutations | |  1.2

Action                     || total
---------------------------++-------
  Melee: Unarmed           ||     1
         War axe           ||     3
   Cast: Sandblast         ||    19
 Armour: Robe              ||     5
  Dodge: Dodged            ||     8

Table legend: (Time is in decaauts)
 A = Elapsed time spent in this place.
 B = Non-inter-level travel time spent in this place.
 C = Inter-level travel time spent in this place.
 D = Time resting spent in this place.
 E = Time spent auto-exploring this place.
 F = Levels seen in this place.
 G = Mean time per level.
                   A        B        C        D        E       F      G
               +--------+--------+--------+--------+--------+-----+--------+
         Total |    113 |    113 |      0 |      0 |      9 |   4 |   28.2 |
       Dungeon |    113 |    113 |      0 |      0 |      9 |   4 |   28.2 |
               +--------+--------+--------+--------+--------+-----+--------+

Top non-repeatable levels by time:
     D:2: 36 daAuts
     D:1: 33 daAuts
     D:4: 32 daAuts
     D:3: 11 daAuts
